 Dungeon Crawl Stone Soup version 0.31-a0-799-g6bc09d010c (webtiles) character file.

Game seed: 2288545762477972658

78 arthad the Conjurer (level 4, -10/25 HPs)
             Began as a Deep Elf Conjurer on Sept 19, 2023.
             Killed by nerve-wracking pain
             ... invoked by Grinder
              (11 damage)
             ... on level 4 of the Dungeon.
             The game lasted 00:05:59 (3025 turns).

arthad the Conjurer (Deep Elf Conjurer)             Turns: 3025, Time: 00:06:00

Health: -10/25     AC:  4    Str:  4    XL:     4   Next: 15%
Magic:  3/12       EV: 13    Int: 25    God:
Gold:   94         SH:  0    Dex: 19    Spells: 2/11 levels left

rFire   + . .        j - +8 trident of the Octopus King {venom, rElec rPois}
rCold   + + .        (no shield)
rNeg    . . .        s - +0 robe {rC+}
rPois   +            l - +1 hat
rElec   +            f - +0 cloak
rCorr   +            (no gloves)
SInv    .            (no boots)
Will    .....        (no amulet)
Stlth   +++          o - +6 ring of dexterity
HPRegen 0.24/turn    (no ring)
MPRegen 0.13/turn

%: no passive effects
@: brilliant, resistant, attractive
A: no striking features
a: no special abilities


You were on level 4 of the Dungeon.
You visited 1 branch of the dungeon, and saw 4 of its levels.

You collected 94 gold pieces.

Inventory:

Hand Weapons
 j - the +8 trident of the Octopus King (weapon) {venom, rElec rPois}
   (You found it on level 2 of the Dungeon)

   rElec:     It insulates you from electricity.
   rPois:     It protects you from poison
Missiles
 m - 4 poisoned darts
 p - 3 boomerangs
Armour
 a - a +0 robe
 f - a +0 cloak (worn)
 l - a +1 hat (worn)
 s - a +0 robe of cold resistance (worn)
Jewellery
 o - a +6 ring of dexterity (left hand)
Wands
 k - a wand of roots (10)
Scrolls
 c - a scroll of teleportation
 d - a scroll of vulnerability
 e - 4 scrolls of identify
Potions
 b - a potion of magic
 g - 2 potions of invisibility
 h - a potion of might
 q - a potion of degeneration {unknown}
 r - a potion of resistance
 t - a potion of haste {unknown}


   Skills:
 + Level 1.0 Fighting
 + Level 3.0 Dodging
 + Level 2.9 Stealth
 * Level 4.1 Spellcasting
 * Level 5.0 Conjurations


You had 2 spell levels left.
You knew the following spells:

 Your Spells              Type           Power      Damage    Failure   Level
a - Magic Dart            Conj           100%       1d8       1%          1
b - Searing Ray           Conj           90%        2d7       1%          2
c - Dazzling Flash        Conj/Hex       52%        N/A       10%         3
d - Gell's Gravitas       Tloc           7%         N/A       26%         3

Your spell library contained the following spells:

 Spells                   Type           Power      Damage    Failure   Level
 Teleport Other           Tloc           7%         N/A       26%         3
 Fulminant Prism          Conj/Hex       13%        3d8       32%         4
 Iskenderun's Mystic Bla  Conj/Tloc      26%        2d7       32%         4
 Summon Lightning Spire   Summ/Air       7%         N/A       65%         4
 Dispersal                Tloc           3%         N/A       100%        6
 Maxwell's Capacitive Co  Air            3%         ∞         100%        8


Dungeon Overview and Level Annotations

Branches:
Dungeon (4/15)             Temple (0/1) D:4

Altars:
Uskayaw

Shops:
D:2 ?

Portals:
Sewer: D:4

Annotations:
D:4 Grinder


Message History

Grinder says, "Are you a fish?" Grinder hits you but does no damage.
The searing ray hits Grinder.
Grinder is heavily wounded.
Grinder closely misses you.
The searing ray hits Grinder!
Grinder is severely wounded.
You finish channelling your searing ray.
Grinder closely misses you.
Casting: Searing Ray (safe; 1% risk of failure)
Confirm with . or Enter, or press ? or * to list all spells.
Aiming: Searing Ray (safe; 1% risk of failure)
Press: ? - help, Shift-Dir - straight line, f/p - Grinder
Aim: Grinder (severely wounded, 77% to hit)
The searing ray hits Grinder.
Grinder is almost dead. (Press . to maintain the ray.) Grinder gestures at you.
You suddenly lose the ability to move!
Grinder hits you!
* * * LOW HITPOINT WARNING * * *
Grinder gestures at you. You resist with significant effort.
You can move again.
Unknown command.
It was a potion of resistance.
You feel protected. Grinder hits you.
* * * LOW HITPOINT WARNING * * *
You writhe in agony.
* * * LOW HITPOINT WARNING * * *
It was a potion of brilliance.
You feel clever all of a sudden. Grinder closely misses you.
It was a potion of attraction.
You feel attractive to monsters. Grinder gestures at you.
Pain shoots through your body!
You die...
Grinder says, "Now the real fun starts!"

..........# .
..........# .....
..........# .#...
#########.# #...#
##########.#######....#
#.....................#
#............#.#.....##
#............#...5####∩~
#............#..@.~w~~~~
##############...~~~~~~~
###~~#####. #### ####


You could see Grinder and a worm.

Vanquished Creatures
  A gnoll (D:1)
  2 worms (D:2)
  A dart slug (D:1)
  An endoplasm (D:1)
  3 giant cockroaches
  6 goblins
  5 hobgoblins
  7 jackals (D:3)
  3 quokkas
  7 ball pythons
  4 bats
  3 frilled lizards
  11 kobolds
  3 rats
57 creatures vanquished.

Notes
Turn   | Place    | Note
-------+----------+-------------------------------------------
     0 | D:1      | arthad the Deep Elf Conjurer began the quest for the Orb.
     0 | D:1      | Reached XP level 1. HP: 10/10 MP: 6/6
   342 | D:1      | Reached XP level 2. HP: 15/15 MP: 6/8
   832 | D:1      | Reached XP level 3. HP: 20/20 MP: 3/10
  1544 | D:2      | Found the +8 trident of the Octopus King {venom, rElec
                  | rPois}
  1645 | D:2      | Found Wofalej's Magic Scroll Shop.
  2084 | D:3      | Got a dusty book
  2097 | D:3      | Learned a level 2 spell: Searing Ray
  2101 | D:3      | Learned a level 3 spell: Dazzling Flash
  2105 | D:3      | Learned a level 3 spell: Gell's Gravitas
  2116 | D:3      | Reached skill level 5 in Conjurations
  2246 | D:3      | Found a hide-covered altar of Uskayaw.
  2471 | D:3      | Reached XP level 4. HP: 24/24 MP: 9/12
  2837 | D:4      | Found a staircase to the Ecumenical Temple.
  2868 | D:4      | Reached skill level 1 in Fighting
  2955 | D:4      | Noticed a phantom
  2956 | D:4      | Noticed an ogre
  2957 | D:4      | Noticed a phantom
  3010 | D:4      | Found a glowing drain.
  3010 | D:4      | Noticed Grinder
  3010 | D:4      | Paralysed by Grinder for 5 turns
  3020 | D:4      | Paralysed by Grinder for 3 turns
  3023 | D:4      | HP: 1/25 [Grinder (4)]
  3025 | D:4      | Killed from afar by Grinder

Illustrated notes

Levels and vault maps discovered:
D:1:      scummos_arrival_hexagon, layout_basic
D:2:      cheibrodos_old_hovel, layout_basic, serial_shops, shop,
          nicolae_underground_beach
D:3:      layout_basic, general_overflow_altar
D:4:      layout_gridville, led_sif_pool, minmay_temple_entry_mini_moons,
          cheibrodos_sewer_entry_bend, minmay_joined_circles, uniq_grinder

Skill      XL: |  1  2  3  4 |
---------------+-------------+-----
Dodging        | 3 |  3.0
Conjurations   | 5 |  5.0
Spellcasting   | 4 |  4.1
Fighting       | 1 |  1.0
Stealth        | |  2.9

Action                     |  1- 3 |  4- 6 || total
---------------------------+-------+-------++-------
   Cast: Magic Dart        |   106 |    22 ||   128
         Searing Ray       |       |     2 ||     2
         Dazzling Flash    |       |     1 ||     1
    Use: Scroll            |       |     4 ||     4
         Potion            |       |     3 ||     3
 Armour: Robe              |    12 |     8 ||    20
  Dodge: Dodged            |     1 |     3 ||     4

Table legend: (Time is in decaauts)
 A = Elapsed time spent in this place.
 B = Non-inter-level travel time spent in this place.
 C = Inter-level travel time spent in this place.
 D = Time resting spent in this place.
 E = Time spent auto-exploring this place.
 F = Levels seen in this place.
 G = Mean time per level.
                   A        B        C        D        E       F      G
               +--------+--------+--------+--------+--------+-----+--------+
         Total |   3023 |   2933 |     90 |      0 |   2465 |   4 |  755.8 |
       Dungeon |   3023 |   2933 |     90 |      0 |   2465 |   4 |  755.8 |
               +--------+--------+--------+--------+--------+-----+--------+

Top non-repeatable levels by time:
     D:1: 1201 daAuts
     D:2: 865 daAuts
     D:3: 736 daAuts
     D:4: 220 daAuts
